Cogmind - Beta 14 @@@ ROGUE MODE // 2025.01.14 @ 10:12:07 Player: Doobadoop Result: Destroyed by YI-UF0 with YI-UF0's Doublenader Performance ------------- Evolutions (0) 0 Regions Visited (2) 400 Robots Destroyed (7) 35 Value Destroyed (118) 118 Prototype IDs (0) 0 Alien Tech Used (0) 0 Bonus (0) 0 TOTAL SCORE: 553 Bonus ------- None Cogmind --------- Core Integrity 0/250 Matter 275/300 Energy 97/125 System Corruption 2% Temperature Cool (0) Movement Hovering (77) Location -10/Mines Parts ------- > --- POWER (1) -------- Light Ion Engine > --- PROPULSION (2) --- Combat Airjet Combat Airjet > --- UTILITY (2) ------ Small Storage Unit > --- WEAPON (2) ------- Light Assault Rifle > --- INVENTORY (8) ---- Combat Airjet Experimental Sensor Array Improved Terrain Scanner Terrain Scan Processor Peak State ------------ > --- POWER ------------ Light Nuclear Core > --- PROPULSION ------- Combat Airjet Combat Airjet > --- UTILITY ---------- Small Storage Unit Improved Light Armor Plating > --- WEAPON ----------- Light Assault Rifle Light Assault Rifle > --- INVENTORY -------- Light Ion Engine Combat Airjet Combat Airjet Experimental Sensor Array Improved Terrain Scanner Terrain Scan Processor Light Assault Rifle [Rating: 21] Favorites ----------- Power Ion Engine Engine Ion Engine Power Core Light Nuclear Core Propulsion Combat Airjet Leg Aluminum Leg Wheel Wheel Hover Unit Combat Airjet Utility Small Storage Unit Device Seismic Detector Storage Small Storage Unit Protection Improved Light Armor Plating Weapon Light Assault Rifle Ballistic Gun Light Assault Rifle Build | -11 -10 -10 ------- Run | Yrd Mat Min Slots Evolved . | . . . Power . | . . . Propulsion . | . . . Utility . | . . . Weapon . | . . . Parts Attached 23 | 7 2 14 Power 6 | 2 . 4 Engine 5 | 2 . 3 Core 1 | . . 1 Reactor . | . . . Propulsion 7 | 2 . 5 Treads . | . . . Leg 2 | . . 2 Wheel 2 | 2 . . Hover 3 | . . 3 Flight . | . . . Utility 3 | . 2 1 Device 1 | . 1 . Storage 1 | . 1 . Processor . | . . . Hackware . | . . . Protection 1 | . . 1 Artifact . | . . . Weapon 7 | 3 . 4 Energy Gun . | . . . Energy Cannon . | . . . Ballistic Gun 7 | 3 . 4 Ballistic Cannon . | . . . Launcher . | . . . Special Weapon . | . . . Impact Weapon . | . . . Slashing Weapon . | . . . Piercing Weapon . | . . . Special Melee Weapon . | . . . Unidentified Prototypes . | . . . Parts Lost 7 | . . 7 Power 2 | . . 2 Propulsion 2 | . . 2 Utility 1 | . . 1 Weapon 2 | . . 2 Highest Loss Streak 5 | . . 5 To Critical Strikes . | . . . Average Slot Usage (%) 98 | . 96 98 Engine 10 | . 14 10 Core 2 | . . 2 Leg 7 | . . 8 Wheel 8 | . 28 5 Hover 11 | . . 13 Device 7 | . 12 6 Storage 13 | . 12 14 Protection 6 | . . 6 Ballistic Gun 27 | . 28 27 Peak Build Rating 21 | 5 7 21 Average Rating 11 | 4 6 13 On Entrance 4 | . 5 7 Naked Turns . | . . . Heaviest Build 16 | 8 14 16 Greatest Support 24 | 20 20 24 Greatest Overweight (x) 1 | . . 1 Average Overweight (x) . | . . . Largest Inventory Capacity 8 | 5 8 8 Average Capacity 7 | 5 7 8 Most Carried 8 | 5 5 8 Average Carried 4 | 2 4 5 Final Capacity 8 | 5 8 8 Final Carried 5 | 5 4 4 Class Distribution -------------------- 58% | Mutant 41% | Scavenger-Mutant Dominant Class ---------------- Mutant | -10/Materials Scavenger-Mutant | -10/Mines Resources | -11 -10 -10 ----------- Run | Yrd Mat Min Matter Collected 454 | 220 . 234 Remotely . | . . . Salvage Created 318 | . . 318 Parts 16 | . . 16 Haulers Intercepted . | . . . Recyclers Shooed 2 | . . 2 Parts Field Recycled . | . . . Retrieved Matter . | . . . Parts Self-Destructed . | . . . Prevented . | . . . Kills | -11 -10 -10 ------- Run | Yrd Mat Min Combat Hostiles Destroyed 5 | . . 5 Guns 5 | . . 5 Classes Destroyed 5 | . . 5 Builder 1 | . . 1 Recycler 2 | . . 2 Swarmer 2 | . . 2 Grunt 2 | . . 2 Assembled 1 | . . 1 Best Kill Streak 2 | . . 2 Combat Bots Only 2 | . . 2 Max Kills in Single Turn 1 | . . 1 Gunslinging . | . . . Exploded . | . . . Melee . | . . . Uniques/NPCs Destroyed . | . . . Combat | -11 -10 -10 -------- Run | Yrd Mat Min Hostile Shots Fired 65 | . 1 64 Missed 18 | . . 18 Damage Taken 1141 | . 10 1131 Core 277 | . . 277 Absorbed by Shields . | . . . Core Remaining (%) 100 | 100 . . Volleys Fired 24 | . . 24 Largest 2 | . . 2 Hottest 40 | . . 40 Shots Fired 47 | . . 47 Gun 47 | . . 47 Cannon . | . . . Launcher . | . . . Special . | . . . Kinetic 47 | . . 47 Thermal . | . . . Explosive . | . . . Electromagnetic . | . . . Robot Hit Streak 7 | . . 7 Robot Miss Streak 2 | . . 2 Penetration Max . | . . . Secondary Targets . | . . . Shots Hit Robots 30 | . . 30 Core Hits 16 | . . 16 Critical Kills . | . . . Critical Parts Destroyed . | . . . Critical Strikes . | . . . Melee Attacks . | . . . Impact . | . . . Slashing . | . . . Piercing . | . . . Sneak Attacks . | . . . Combat Hostiles . | . . . Follow-up Attacks . | . . . Damage Inflicted 299 | . . 299 Guns 299 | . . 299 Cannons . | . . . Explosions . | . . . Melee . | . . . Ramming . | . . . Kinetic 299 | . . 299 Thermal . | . . . Explosive . | . . . Electromagnetic . | . . . Impact . | . . . Slashing . | . . . Piercing . | . . . Highest Corruption 2 | . . 2 Average Corruption 2 | . . 2 Corruption Purged . | . . . Corruption Blocked . | . . . Effects 3 | . . 3 Message Errors 2 | . . 2 Matter Fused 1 | . . 1 Overload Shots . | . . . Overflow Damage . | . . . Projectiles . | . . . Explosions . | . . . Melee . | . . . Knockbacks . | . . . Impact . | . . . Kinetic . | . . . Secondary . | . . . Self-Inflicted Damage . | . . . Shots . | . . . Rammed . | . . . Targets Rammed . | . . . Kicked . | . . . Crushed . | . . . Highest Temperature 20 | . . 20 Average Temperature 8 | . . 8 Received Heat Transfer 101 | . 6 95 Siege Activations . | . . . Robots Corrupted . | . . . Combat Hostiles . | . . . Parts Fried . | . . . Impact Corruptions . | . . . Robots Melted . | . . . Combat Hostiles . | . . . Parts Melted . | . . . Heat Transferred . | . . . Parts Sabotaged . | . . . Parts Stolen . | . . . Parts Stripped . | . . . Power Chain Reactions . | . . . Alert | -11 -10 -10 ------- Run | Yrd Mat Min Peak Influence 80 | . . 80 Initial . | . . . Average 42 | . . 52 Maximum Alert Level . | . . . Low Security (%) 100 | 100 100 100 Level 1 . | . . . Level 2 . | . . . Level 3 . | . . . Level 4 . | . . . Level 5 . | . . . High Security . | . . . Max Security . | . . . Squads Dispatched . | . . . Investigation . | . . . Extermination . | . . . Reinforcement . | . . . Assault . | . . . Garrison . | . . . Intercept . | . . . Searches Triggered . | . . . Construction Impeded . | . . . Haulers Reinforced . | . . . Active Scanning Responses . | . . . Cargo Convoy Interrupts . | . . . Stealth | -11 -10 -10 --------- Run | Yrd Mat Min Distress Signals . | . . . Communications Jammed . | . . . Distress Signals . | . . . Times Spotted 33 | . 3 30 Peak Tracking Total 18 | . 2 18 Tactical Retreats 4 | . . 4 Traps | -11 -10 -10 ------- Run | Yrd Mat Min Traps Triggered . | . . . Indirectly . | . . . Trap Hack Attempts . | . . . Triggered . | . . . Disarmed . | . . . Reprogrammed . | . . . Reused . | . . . Traps Extracted . | . . . Installed . | . . . Triggered . | . . . Machines | -11 -10 -10 ---------- Run | Yrd Mat Min Machines Disabled . | . . . Max in Single Turn . | . . . Machines Repaired . | . . . Machines Dismantled . | . . . Machines Sabotaged . | . . . Overloaded Fab Kills . | . . . Hacking | -11 -10 -10 --------- Run | Yrd Mat Min Machines Accessed . | . . . Terminals . | . . . Fabricators . | . . . Repair Stations . | . . . Recycling Units . | . . . Scanalyzers . | . . . Garrison Access . | . . . Total Hacks . | . . . Successful . | . . . Failed . | . . . Catastrophic . | . . . Database Lockouts . | . . . Manual . | . . . Terminals . | . . . Fabricators . | . . . Repair Stations . | . . . Recycling Units . | . . . Scanalyzers . | . . . Garrison Access . | . . . Terminal Hacks . | . . . Fabricator Hacks . | . . . Repair Station Hacks . | . . . Recycling Unit Hacks . | . . . Scanalyzer . | . . . Garrison Access Hacks . | . . . Unauthorized Hacks . | . . . Terminals . | . . . Fabricators . | . . . Repair Stations . | . . . Recycling Units . | . . . Scanalyzers . | . . . Garrison Access . | . . . Data Cores Recovered . | . . . Used . | . . . Hacking Detections . | . . . Full Trace Events . | . . . Feedback Events . | . . . Feedback Blocked . | . . . Robot Schematics Acquired . | . . . Robots Built . | . . . Authchips . | . . . Time . | . . . Total Robot Build Rating . | . . . Part Schematics Acquired . | . . . Parts Built . | . . . Authchips . | . . . Time . | . . . Total Part Build Rating . | . . . Parts Repaired . | . . . Time . | . . . Parts Recycled . | . . . Recycled Matter . | . . . Retrieved Matter . | . . . Retrieved Components . | . . . Parts Scanalyzed . | . . . Part Schematics Acquired . | . . . Parts Damaged . | . . . Bothacking | -11 -10 -10 ------------ Run | Yrd Mat Min Used RIF Installer . | . . . Robots Hacked . | . . . Non-combat . | . . . Combat . | . . . Robot Hacks Applied . | . . . Relay Couplers Released . | . . . Fabnet Peak Effective % . | . . . Robots Rewired . | . . . Allies Hacked . | . . . Hacks Repelled . | . . . Allies | -11 -10 -10 -------- Run | Yrd Mat Min Total Allies . | . . . Largest Group . | . . . Highest-Rated Group . | . . . Highest-Rated Ally . | . . . Total Orders . | . . . Ally Attacks . | . . . Total Damage . | . . . Kills . | . . . Allies Corrupted . | . . . Allies Melted . | . . . Intel | -11 -10 -10 ------- Run | Yrd Mat Min Robot Analysis Total . | . . . Derelict Logs Recovered 1 | . . 1 Drone Launches . | . . . Drone Recoveries . | . . . Exploration | -11 -10 -10 ------------- Run | Yrd Mat Min Turns Passed 705 | 55 77 573 Spaces Moved 628 | 53 93 482 Core 1 | 1 . . Treads . | . . . Legs 101 | . . 101 Wheels 262 | 52 93 117 Hover 264 | . . 264 Flight . | . . . Fastest Speed 50 | 50 80 77 Average Speed 85 | 79 80 86 Slowest Speed 120 | 80 80 120 Overloaded Moves . | . . . Propulsion Burnouts . | . . . Robots Hopped . | . . . Cave-ins Triggered . | . . . Exploration Rate (%) 32 | 4 17 76 Regions Visited 2 Branch Regions 1 Pre-discovered Areas 1 | . . 1 Known Exits Taken . | . . . Unknown Exits Taken 2 | 1 1 . Scrap Searched 1 | . . 1 Spaces Dug . | . . . Terrain Destroyed . | . . . Melee . | . . . Projectile . | . . . AOE . | . . . Terrain Rammed . | . . . Walls Destroyed . | . . . Machines Disabled . | . . . Actions | -11 -10 -10 --------- Run | Yrd Mat Min Total 753 | 62 94 597 Wait 61 | . . 61 Move 626 | 52 92 482 Hop . | . . . Pick Up 11 | 3 . 8 Fast Attach 10 | 5 1 4 Attach 9 | . 1 8 Detach . | . . . Swap 4 | 2 . 2 Drop 8 | . . 8 Fire 24 | . . 24 Melee . | . . . Ram . | . . . Kick . | . . . Crush . | . . . Escape Stasis . | . . . Rewire . | . . . Trap . | . . . Miscellaneous . | . . . Route ------- -11/Scrapyard -10/Materials -10/Mines History --------- Turn | Location | Event 13 | -11/Scrapyard | Discovered new exit (range 15) 56 | -11/Scrapyard | Entered Materials 109 | -10/Materials | Discovered new exit (range 15) 133 | -10/Materials | Entered Mines 218 | -10/Mines | Learned location of Mines (-8) 227 | -10/Mines | Assembled infested the area 306 | -10/Mines | Build established: Mutant 651 | -10/Mines | Found a damaged Exp. Sensor Array with a note attached 654 | -10/Mines | Found Prototype Device 685 | -10/Mines | Core integrity fell below 50% 701 | -10/Mines | Core integrity fell below 20% 706 | -10/Mines | Destroyed by YI-UF0 with YI-UF0's Doublenader Last Messages --------------- doesn't do us much good if we can't spot those areas until they're on top of us... With this we can! Deliver it to Megawrench for repairs then we'll never be afraid of an ambush while sneaking around Materials again, ha." 00654_ Acquired Prototype Device. 00678_ K-01 Serf collects debris. 00680_ System corrupted: Matter fused (-9). 00684_ YI-UF0: "BAROOM!" 00684_ K-01 Serf destroyed. 00688_ YI-UF0 mumbles something. 00690_ Lgt. Assault Rifle destroyed. 00692_ The unstable cave ceiling collapses. 00696_ Imp. Light Armor Plating destroyed. 00698_ The unstable cave ceiling collapses. 00698_ Lgt. Nuclear Core destroyed. 00700_ Cmb. Airjet destroyed. 00701_ The unstable cave ceiling collapses. 00702_ Lgt. Assault Rifle destroyed. 00703_ The unstable cave ceiling collapses. Map ----- +----------------------------------------------------+ | ?????? ???# #?# #??# #####????### | | ??????# ??# !!!! ### ####% ##????????## | | ??????# ## !! ! ## #?????????## | | ??????? !! ! ##%##### #?????????# # | | ??????????????# ! ! % #???# #????????# # | | ??????????????# ####???## #????????# # | | ??????????????# ## ###?####??# ##????????# # | | ??????????????# ## #??## ##?# ##?????????# # | | ??????????????# ## #??# ### #???????? ?# # | | ???????????#### ## #??# ## #???????? ## # | | ??????????## ## #?## ## ##???????? # | | ??????????# =##*### #?###????????? #### | | ??????????# [=%# ## """ ##???????????? #??? | | ??????????# *[%! """ #???????????? ??? | | ??????????## ###### """ #???????????? ??? | | ???????????#######????# #???????????? ??? | | ?????????????????????## ##???????????? ??? | | ?????????????????????# ###????????????? ??? | | ?????????????????????# #??????????????? ??? | | ?????????????????????# ###????##???????# #??? | | ?????????????????###### ##?? ##??????# #??? | | ?????????????????# ## #??????# #??? | | ???????########??# #?????# #### | | ???????# #??# ### #??????# | | #??????# #??# ## ##??????# #### | | ##????# ## #?## ## @ ########???????# #??? | | ###### ## ### ####?????????????# #?? | | ## # #????????????? #? | | ## # # #????????????? # | | #???????#????## | | ## #???| #?????#### | | ## # #????????????# | | ##?# g #???????????????# | | ##??## # ### ##???????????????? | | ##????####?# ###????????????????? | | ##?????????# ##??????????????????? | | #?????????# ## # ##???????????????????? | | ########### ##### ###????????????????????? | | # #??????????????????????? | | ## #######??????????????????????? | | ?# ###############????????????????????????????? | | ?# #??????????????????????????????????????????? | | ?## ##??????????????????????????????????????????? | | ??####???????????????????????????????????????????? | | ?????????????????????????????????????????????????? | | | | | | | | | | | +----------------------------------------------------+ Best States ------------- Heat Dissipation 25 Energy Generation 14 Energy Capacity 250 Matter Stores 300 Matter Capacity 300 Sight Range 16 Terrain Scan Density 10 Armor Coverage 150 Evasion (%) 55 Item Schematics ----------------- None Robot Schematics ------------------ None Fabricated ------------ Nothing Alien Tech Used ----------------- None Achievements -------------- Slippery One Challenges ------------ None Game ------ Seed VisualHeartBiocell Manual? 0 Play Time 00:09:00 Cumulative 9.5 hours Start 2025.01.14 @ 10:03:59 End 2025.01.14 @ 10:12:07 Sessions 1 Manual Loads 0 Difficulty Rogue Special Mode None Game No. 13 Rogue 11 Adventurer 2 Explorer 0 Win Type - Total 0 Types 0/0/0/0/0/0/0/0/0 Lore% 5 Gallery% 18 Achievement% 15 Wizard Run 0 Options --------- Layout 1 ASCII 0 Keyboard 0 Movement Arrows Keybinds 0 Fullscreen 1 Font 32/SmallcapsGlow Map View 50x35 Zoom Use 0% Tactical HUD 1 Map Filters NONE Filters NONE Steam 1 RUN: d6b876c6-bd61-4f73-b534-7d2bd9353a9d